AoeStats
← Besná Lama

Four Lakes

508491826Analyzed
1v1 RM · 10d ago on Sep 22, 2026· 41m 27s· 2 players
Game mode
Random Map
Map size
Tiny (2 player)
Population
200
Speed
Normal
Resources
Standard
Victory
Conquest
Starting age
Dark Age
Ending age
Imperial Age
RankedLock teamsTeams togetherTeam positionsShared explorationLock speedFull tech treeHidden civsTurbo modeCheats
Victory
Defeat
🇷🇸 Danes · Serbia
899
+15
🇸🇰 Maya · Slovakia
869
-15
Besná Lama
10:42 Feudal Age
9:15 Loom
12:59 Double-Bit Axe
14:20 Fletching
14:45 Forging
24:05 Padded Archer Armor
24:06 Scale Mail Armor
25:09 Arson
27:57 Wheelbarrow
27:05 Horse Collar
30:29 Castle Age
32:22 Bow Saw
32:16 Heavy Plow
31:56 Crossbowman
32:46 Thumb Ring
33:01 Bodkin Arrow
33:42 Iron Casting
CVIJA
7:21 Loom
10:53 Feudal Age
12:52 Man-at-Arms
13:57 Double-Bit Axe
16:06 Scale Mail Armor
17:25 Padded Archer Armor
18:40 Fletching
22:13 Horse Collar
27:24 Castle Age
28:06 Bodkin Arrow
28:23 Elite Skirmisher
30:10 Long Swordsman
31:45 Chain Mail Armor
31:20 Gambesons
35:32 Fishing Lines
37:18 Heavy Plow
39:03 Forging
39:10 Leather Archer Armor
40:10 Wheelbarrow
40:20 Squires
40:47 Gillnets
Connection lost

Rejoining the realm…

Still unreachable

The connection could not be restored.

Session expired

The server has moved on; the page needs a fresh start.